 Seeded DCSS version 0.28-a0-1182-g381e24db82 (webtiles) character file.

Game seed: 12130800008223909736 (custom seed)

986 croobank the Covered (level 8, -8/63 HPs)
             Began as a Formicid Abyssal Knight on Dec 17, 2021.
             Was a Believer of Lugonu.
             Killed by divine providence
             ... invoked by an orc priest
              (12 damage)
             ... on level 9 of the Dungeon.
             The game lasted 00:38:52 (4798 turns).

croobank the Covered (Formicid Abyssal Knight)      Turns: 4798, Time: 00:38:53

Health: -8/63      AC: 10    Str: 18      XL:     8   Next: 41%
Magic:  8/9        EV:  7    Int: 12      God:    Lugonu [**....]
Gold:   986        SH:  0    Dex: 10 (11) Spells: 7/7 levels left

rFire   . . .      SeeInvis +   u - +0 war axe
rCold   . . .      Faith    .   (no shield)
rNeg    . . .      Spirit   .   o - +0 chain mail
rPois   .          Reflect  .   (helmet unavailable)
rElec   .          Harm     .   (no cloak)
rCorr   .          Rampage  .   (no gloves)
Will    .....                   (no boots)
Stlth   ..........              e - amulet of regeneration
HPRegen 1.00/turn               (no ring)
MPRegen 0.11/turn               (no ring)

@: no status effects
A: permanent stasis, dig shafts and tunnels, antennae 3, four strong arms,
camouflage 1, deterioration 1, evolution 1
a: Dig, Shaft Self, Renounce Religion, Depart the Abyss, Bend Space


You were on level 9 of the Dungeon.
You worshipped Lugonu.
Lugonu was pleased with you.
You visited 1 branch of the dungeon, and saw 8 of its levels.
You visited the Abyss 1 time.

You collected 986 gold pieces.

Inventory:

Hand Weapons
 a - a +1 hand axe
 b - a +0 vorpal hunting sling
 j - a +0 long sword
 u - a +0 war axe (weapon)
 x - a +1 short sword of speed
Missiles
 d - 6 poisoned darts (quivered)
 k - 84 stones
 s - 11 sling bullets
Armour
 o - a +0 chain mail (worn)
Magical Staves
 t - a staff of conjuration
Jewellery
 e - an amulet of regeneration (around neck)
 i - a ring of fire
Scrolls
 f - a scroll of silence {unknown}
 g - 3 scrolls of identify {identify}
 h - 3 scrolls of amnesia {amnesia, unknown}
 l - 2 scrolls of teleportation {teleportation}
 m - 3 scrolls of enchant armour {enchant armour, unknown}
 n - 2 scrolls of fog {fog, unknown}
 p - 2 scrolls of acquirement {acquirement}
 r - 2 scrolls of immolation {immolation, unknown}
 v - a scroll of noise {noise, unknown}
 w - a scroll of enchant weapon {enchant weapon, unknown}
 y - 3 scrolls of holy word {unknown}
Potions
 c - 2 potions of flight {flight, unknown}
 q - a potion of magic {magic, unknown}


   Skills:
 + Level 5.6 Fighting
 + Level 5.3 Axes
 + Level 2.7 Throwing
 + Level 6.1 Armour
 + Level 1.6 Dodging
 + Level 0.3 Stealth
 + Level 2.3 Invocations


You had 7 spell levels left.
You didn't know any spells.
Your spell library contained the following spells:

 Spells                   Type           Power      Damage    Failure   Level
 Animate Skeleton         Necr           0%         N/A       98%         1
 Apportation              Tloc           0%         N/A       98%         1
 Summon Small Mammal      Summ           0%         N/A       98%         1
 Alistair's Intoxication  Tmut/Pois      0%         N/A       100%        5


Dungeon Overview and Level Annotations

Branches:
Dungeon (7/15)             Temple (0/1) D:4

Altars:
Elyvilon

Shops:
D:6 =*[(

Annotations:
D:6 Eustachio


Innate Abilities, Weirdness & Mutations

You cannot be hasted, slowed, berserked, paralysed or teleported.
You can dig through walls and to a lower floor.
You have a pair of large antennae on your head. (SInv)
Your four strong arms can wield two-handed weapons with a shield.
Your skin changes colour to match your surroundings (Stealth+).
Your body sometimes deteriorates upon taking damage.
You have hidden genetic potential.


Message History

You feel sick.
The orc shouts! x2; You hear a shout!
An orc priest comes into view. It is wielding a +0 short sword.
You feel sick.
The orc priest shouts!
Found 15 gold pieces.
You feel sick.
An orc priest comes into view.
It is wielding a +1 short sword of draining.
You feel sick.
The orc priest shouts!
You hear a shout!
You hear a bellow!
Found 7 stones.
You feel sick.
Found a short glass wand.
You feel sick.
A yak comes into view.
You feel sick.
The yak bellows!
A yak and an orc come into view.
You feel sick.
You are no longer poisoned.
You see here 18 gold pieces. 2 yaks come into view.
The yak bellows! x2
A centaur comes into view.
The yak moves out of view.
The centaur moves out of view.
A yak comes into view.
The orc priest calls down the wrath of Beogh upon you.
Beogh smites you!
* * * LOW HITPOINT WARNING * * *
A yak comes into view.
The yak moves out of view.
Something appears at your feet!
The centaur shouts!
The orc priest calls down the wrath of Beogh upon you.
Beogh smites you!
* * * LOW HITPOINT WARNING * * *
Your body deteriorates!
You feel clumsy.
The centaur wields a +0 shortbow.
The centaur shoots an arrow.
The arrow barely misses you. Space bends around you!
You blink.
The orc priest invokes the aid of Beogh against you.
Beogh smites you!
You die...

.....#..##.. #..........
........... ... ###.
.......... ###..# ....
.........####.#..# ....
.................###....
....../..# #............
.......@.###............
..........#.............
.........$..............
........................
.........o...o..........
........o..o............
...........o..##........
.........ยง..$####.......
.###......##..# #<......


You could see 2 orc priests and 3 orcs.

Vanquished Creatures
  A steam dragon (D:7)
  Pargi (D:3)
  2 sky beasts
  A black bear (D:4)
  A bullfrog (D:7)
  2 hounds
  A jelly (D:6)
  A gnoll shaman (D:5)
  Jessica (D:3)
  An iguana (D:6)
  An orc wizard (D:6)
  A hound zombie (D:5)
  9 gnolls
  3 adders
  A shadow imp (D:5)
  A white imp (D:6)
  An adder zombie (D:5)
  2 worms
  4 dart slugs
  5 orcs
  3 endoplasms (D:1)
  2 giant cockroaches
  4 goblins
  5 hobgoblins
  3 quokkas
  2 ball pythons (D:2)
  3 bats
  2 frilled lizards
  4 kobolds
  3 rats
71 creatures vanquished.

Vanquished Creatures (collateral kills)
  2 gnolls (D:4)
2 creatures vanquished.

Vanquished Creatures (others)
  20 plants (D:3)
20 creatures vanquished.

Grand Total: 93 creatures vanquished

Notes
Turn   | Place    | Note
-------+----------+-------------------------------------------
     0 | Abyss:1  | croobank the Formicid Abyssal Knight began the quest for
                  | the Orb.
     0 | Abyss:1  | Reached XP level 1. HP: 18/18 MP: 2/2
    42 | Abyss:1  | Noticed a blink frog
    53 | Abyss:1  | Noticed a sky beast
    62 | D:1      | Escaped the Abyss
   634 | D:1      | Reached XP level 2. HP: 21/24 MP: 3/3
  1077 | D:1      | Reached * piety under Lugonu
  1183 | D:1      | Reached XP level 3. HP: 29/30 MP: 4/4
  2083 | D:3      | Reached XP level 4. HP: 31/37 MP: 5/5
  2148 | D:3      | Noticed Jessica
  2164 | D:3      | Killed Jessica
  2165 | D:3      | Reached skill level 1 in Throwing
  2541 | D:3      | Noticed Pargi
  2578 | D:3      | Killed Pargi
  2579 | D:3      | Reached skill level 3 in Armour
  2579 | D:3      | Reached skill level 1 in Dodging
  2579 | D:3      | Reached XP level 5. HP: 20/43 MP: 6/6
  2949 | D:4      | Reached XP level 6. HP: 39/49 MP: 7/7
  2999 | D:4      | Found a white marble altar of Elyvilon.
  3342 | D:4      | Noticed a black bear
  3351 | D:4      | Killed a black bear
  3352 | D:4      | Reached skill level 4 in Armour
  3412 | D:4      | Found a staircase to the Ecumenical Temple.
  3750 | D:5      | Entered Level 5 of the Dungeon
  3825 | D:5      | Noticed a sky beast
  3826 | D:5      | Identified 4 scrolls of acquirement {acquirement}
  3826 | D:5      | Acquired 671 gold pieces
  3836 | D:5      | Killed a sky beast
  3837 | D:5      | Reached XP level 7. HP: 55/55 MP: 8/8
  3909 | D:5      | Reached skill level 5 in Fighting
  3909 | D:5      | Reached skill level 5 in Armour
  3918 | D:6      | Noticed Eustachio
  3918 | D:6      | Found Wetiomp's General Store.
  3924 | D:5      | You fall into a shaft and drop 2 floors!
  4064 | D:7      | Reached ** piety under Lugonu
  4141 | D:7      | Noticed a steam dragon
  4216 | D:7      | Killed a steam dragon
  4217 | D:7      | Reached skill level 5 in Axes
  4217 | D:7      | Reached XP level 8. HP: 41/63 MP: 9/9
  4419 | D:6      | Reached skill level 6 in Armour
  4423 | D:6      | Found Leclugu's Jewellery Shop.
  4439 | D:6      | Gained mutation: You are frail. (-10% HP) [potion of
                  | mutation]
  4439 | D:6      | Gained mutation: You are somewhat resistant to further
                  | mutation. [potion of mutation]
  4450 | D:6      | Found Hicsephi's Antique Armour Boutique.
  4478 | D:6      | You fall into a shaft and drop 1 floor!
  4575 | D:7      | Lost mutation: You are frail. (-10% HP) [potion of
                  | mutation]
  4575 | D:7      | Lost mutation: You are somewhat resistant to further
                  | mutation. [potion of mutation]
  4575 | D:7      | Gained mutation: Your body sometimes deteriorates upon
                  | taking damage. [potion of mutation]
  4575 | D:7      | Gained mutation: You have hidden genetic potential. [potion
                  | of mutation]
  4575 | D:7      | Gained mutation: Your skin changes colour to match your
                  | surroundings (Stealth+). [potion of mutation]
  4646 | D:6      | Found Ygyota's Weapon Shop.
  4784 | D:6      | You fall into a shaft and drop 3 floors!
  4791 | D:9      | Noticed a yak
  4792 | D:9      | Noticed a yak
  4794 | D:9      | Noticed a yak
  4794 | D:9      | Noticed a yak
  4795 | D:9      | Noticed a yak
  4795 | D:9      | Noticed a yak
  4796 | D:9      | Acquired a +3 battleaxe of distortion
  4798 | D:9      | Killed from afar by an orc priest

Illustrated notes

Levels and vault maps discovered:
D:1:      minmay_arrival_checkered_box, layout_basic, minmay_pentomino_q2
D:2:      layout_loops_cross
D:3:      layout_loops_corners, serial_bayou, serial_bayou_pond_c,
          serial_bayou_lagoon_b, serial_bayou_pond_c, serial_bayou_pond_e,
          uniq_pargi, uniq_jessica
D:4:      layout_basic, marbit_many_paths, minmay_temple_entry_enclosed_plants,
          hex_intersection
D:5:      layout_rooms, uniq_sigmund
D:6:      layout_rooms, serial_shops, shop, nicolae_diamond_shop,
          nicolae_shop_advertising_works [nicolae_subvault_shop_adworks], shop,
          chequers_serial_rivers_micro_a, uniq_eustachio
D:7:      layout_cave_pools, serial_gnoll_camp, gnoll_camp_mini_shop,
          gnoll_camp_mini_loothouse, gnoll_camp_mini_sergeant,
          gnoll_camp_mini_shop, serial_shops, kennysheep_little_box, uniq_maggie
D:9:      layout_cave_pools, nicolae_shop_sticking_my_neck_out

Skill      XL: |  1  2  3  4  5  6  7  8 |
---------------+-------------------------+-----
Fighting       | 4 5 |  5.6
Axes           | 3 4 5 |  5.3
Throwing       | 1 2 |  2.7
Armour         | 3 4 5 6 |  6.1
Dodging        | 1 |  1.6
Stealth        | |  0.3
Invocations    | |  2.3

Action                   |  1- 3 |  4- 6 |  7- 9 || total
-------------------------+-------+-------+-------++-------
Melee: Hand axe          |   119 |   103 |   126 ||   348
       War axe           |       |       |    16 ||    16
Throw: Dart              |       |    12 |    32 ||    44
Invok: Depart the Abyss  |     1 |       |       ||     1
       Bend Space        |       |       |     3 ||     3
 Abil: Shaft Self        |       |       |     3 ||     3
  Use: Scroll            |     1 |     4 |     1 ||     6
       Potion            |       |     2 |     2 ||     4
 Stab: Invisible         |       |     1 |       ||     1
Armor: Leather armour    |    20 |       |       ||    20
       Chain mail        |    31 |    90 |    80 ||   201
Dodge: Dodged            |    43 |    64 |    68 ||   175

Table legend: (Time is in decaauts)
 A = Elapsed time spent in this place.
 B = Non-inter-level travel time spent in this place.
 C = Inter-level travel time spent in this place.
 D = Time resting spent in this place.
 E = Time spent auto-exploring this place.
 F = Levels seen in this place.
 G = Mean time per level.
                   A        B        C        D        E       F      G
               +--------+--------+--------+--------+--------+-----+--------+
         Total |   4877 |   4785 |     92 |    787 |   2316 |   9 |  541.9 |
       Dungeon |   4815 |   4723 |     92 |    787 |   2278 |   8 |  601.9 |
         Abyss |     62 |     62 |      0 |      0 |     38 |   1 |   62.0 |
               +--------+--------+--------+--------+--------+-----+--------+

Top non-repeatable levels by time:
     D:1: 1227 daAuts
     D:3: 935 daAuts
     D:4: 898 daAuts
     D:2: 696 daAuts
     D:7: 483 daAuts
     D:6: 383 daAuts
     D:5: 176 daAuts
 Abyss:1: 62 daAuts
     D:9: 13 daAuts
